 Dungeon Crawl Stone Soup version bcrawl-1.12-10-g10a67aac0f (webtiles) character file.

Game seed: 7389380617275955573

80663 MisterOstroum the Fighter (level 15, -6/177 HPs)
             Began as a Troll Chaos Knight on June 18, 2019.
             Was a Plaything of Xom.
             Killed by the raging water
             ... invoked by a water nymph
              (25 damage)
             ... on level 2 of the Shoals on June 19, 2019.
             The game lasted 02:57:03 (19443 turns).

MisterOstroum the Fighter (Troll Chaos Knight)     Turns: 19443, Time: 02:57:06

Health: -6/177     AC: 17    Str: 25    XL:     15   Next: 24%
Magic:  17/17      EV: 12    Int:  9    God:    Xom [....*.]
Gold:   2552       SH: 14    Dex: 14    Spells: 14/14 levels left

rFire    . . .     SeeInvis +     - Unarmed
rCold    . . .     Gourm    +   c - +0 large shield
rNeg     . . .     Faith    .   (armour unavailable)
rPois    .         Spirit   .   N - +2 hat {SInv}
rElec    +         Reflect  .   (no cloak)
rCorr    .         Harm     .   (gloves unavailable)
MR       +....                  (boots unavailable)
Stlth    ..........             k - amulet of regeneration
HPRegen  1.59/turn              s - ring of Fyxomah {rElec Dex+3 Stlth-}
MPRegen  0.15/turn              S - +3 ring of protection

@: cleaving, flying, very slightly contaminated, invisible (expiring)
A: large, almost no armour, unfitting armour, claws 3, talons 1, clumsy 1, fast
metabolism 3, gourmand, regeneration 2, robust 1, shaggy fur 1, MP-powered
wands, AC +11
a: Renounce Religion


You were on level 2 of the Shoals.
You worshipped Xom.
You were a beloved toy of Xom.
You were very full.

You visited 5 branches of the dungeon, and saw 22 of its levels.
You visited the Abyss 1 time.
You also visited: Gauntlet.

You collected 2734 gold pieces.
You spent 182 gold pieces at shops.

Inventory:

Hand Weapons
 a - a +1 mace of chaos
 b - the +2 hunting sling of Zin's Anger {velocity, +Fly rC+ Str+2 Dex+2}
   (You found it on level 1 of the Lair of Beasts)

   Any stone fired from it inflicts extra damage.
   It affects your strength (+2).
   It affects your dexterity (+2).
   It protects you from cold.
   It lets you fly.
 q - a +0 giant club
 u - a +0 glaive
Missiles
 g - 3321 stones
 i - 70 tomahawks
 l - 43 tomahawks of dispersal (quivered) {!f}
 C - 403 steel javelins
 G - a throwing net {!f!f}
 P - 135 large rocks
 V - 469 sling bullets
 X - 350 javelins of penetration
Armour
 c - a +0 large shield (worn)
 N - a +2 hat of see invisible (worn)
Jewellery
 k - an amulet of regeneration (around neck)
 s - the ring of Fyxomah (left claw) {rElec Dex+3 Stlth-}
   (You found it in a Gauntlet)

   [ring of attention]

   It affects your dexterity (+3).
   It insulates you from electricity.
   It makes you less stealthy.
 F - an uncursed ring of resist corrosion
 K - an uncursed ring of see invisible
 S - a +3 ring of protection (right claw)
Wands
 d - a wand of polymorph (15)
 f - a wand of digging (24)
 j - a wand of random effects (16)
 x - a wand of flame (36)
 A - a wand of iceblast (28)
 T - a wand of scattershot (4)
 Y - a wand of disintegration (14)
Scrolls
 h - a scroll of fear {!r}
 m - 5 scrolls of enchant armour
 t - 2 scrolls of magic mapping
 B - 4 scrolls of identify {@r1}
 E - 8 scrolls of remove curse {@r2}
 M - 3 scrolls of enchant weapon
 O - a scroll of fog {!r}
 U - a scroll of silence
 Z - a scroll of brand weapon
Potions
 n - 4 potions of curing {@q1 !q}
 o - 5 potions of brilliance
 p - 2 potions of flight
 z - 2 potions of haste {@q4 !q}
 D - a potion of magic
 H - a potion of cancellation
 L - a potion of mutation
 R - 2 potions of might
Comestibles
 e - 38 rations {!d}


   Skills:
 * Level 13.4 Fighting
 - Level 6.6 Maces & Flails
 - Level 8.0 Throwing
 + Level 10.6 Dodging
 + Level 2.2 Shields
 * Level 13.4 Unarmed Combat
 - Level 5.0 Evocations


You had 14 spell levels left.
You didn't know any spells.
Your spell library contained the following spells:

 Spells                   Type           Power        Failure   Level  Hunger
 Corona                   Hex            #......      99%         1    ##.....
 Shackle                  Hex            #.......     100%        2    ###....
 Confuse                  Hex            #.......     100%        3    ####...
 Dazzling Spray           Conj/Hex       #.....       100%        3    ####...
 False Image              Hex/Summ       #.......     100%        3    ####...
 Inner Flame              Hex/Fire       N/A          100%        3    ####...
 Cause Fear               Hex            #.........   100%        4    #####..
 Petrify                  Tmut/Erth      #.......     100%        4    #####..
 Yara's Violent Unravell  Hex/Tmut       #.........   100%        4    #####..
 Metabolic Englaciation   Hex/Ice        #.........   100%        5    ######.
 Haunt                    Necr/Summ      #.........   100%        7    #######
 Malign Gateway           Summ/Tloc      #.........   100%        7    #######
 Monstrous Menagerie      Summ           #.........   100%        7    #######
 Summon Greater Demon     Summ           #.........   100%        7    #######
 Summon Horrible Things   Summ           #.........   100%        8    #######


Dungeon Overview and Level Annotations

Branches:
Dungeon (12/12)            Temple (1/1) D:6            Lair (6/6) D:8
 Shoals (2/3) Lair:3       Spider (0/3) Lair:4          Orc (1/1) D:8
    Elf (0/3) Orc          Vaults (0/3) D:12         Depths (0/5) D:12
  Slime: Lair:5-6

Altars:
Cheibriados
Dithmenos
Elyvilon
Fedhas
Gozag
Hepliaklqana
Kikubaaqudgha
Lugonu
Nemelex Xobeh
Okawaru
Qazlal
Ru
Trog
Uskayaw
Vehumet
Wu Jian
Xom
Yredelemnul
Zin
The Shining One
Jiyva

Shops:
D:6 *   D:9 %   D:11 (   Shoals:1 *

Annotations:
Shoals:2 Donald


Innate Abilities, Weirdness & Mutations

You cannot wear most types of armour.
Your thick skin is tough. (AC +11)
You are too large for most types of armour.
You have claws for hands.
Your metabolism is lightning-fast.
You like to eat raw meat.
You heal very quickly.
You have sharp toenails.
You are clumsy. (Dex -2)
You are robust. (+10% HP)
You are covered in fur. (AC +1)
You expend magic power (3 MP) to strengthen your wands.


Message History

You miss the merfolk impaler. You claw the merfolk impaler.
The merfolk impaler is almost dead.
A faun comes into view. It is wielding a +0 quarterstaff.
The merfolk impaler hits you with a +0 trident!
* * * LOW HITPOINT WARNING * * *
You scratch the merfolk impaler. Your kick misses the merfolk impaler.
The merfolk impaler is almost dead.
The merfolk impaler hits you with a +0 trident!
* * * LOW HITPOINT WARNING * * *
The merfolk impaler hits you with a +0 trident.
* * * LOW HITPOINT WARNING * * *
You claw the merfolk impaler!
You kill the merfolk impaler!
You hear a splash. x2
The faun unwields a +0 quarterstaff.
The faun wields a +0 hunting sling.
The faun shoots a stone.
You block the stone.
Really read
r - 2 scrolls of teleportation {@r3 !r}?
As you read the scroll of teleportation {@r3 !r}, it crumbles to dust.
You feel strangely unstable.
The faun shoots a stone.
You block the stone.
A sea snake comes into view.
Your surroundings suddenly seem different.
Splash!
Xom thinks this is hilarious!
Donald the Adventurer comes into view.
He is wielding a +0 scimitar of draining and wearing a +4 plate armour of positive energy.
Donald shouts!
Donald says, "The air in here stinks.
I hate that."
Found a ration and 44 gold pieces.
Really read
h - 2 scrolls of fear {!r}?
As you read the scroll of fear {!r}, it crumbles to dust.
You assume a fearsome visage.
Donald looks frightened!
Donald gestures wildly while chanting.
Donald seems to grow stronger.
Really read
r - a scroll of teleportation {@r3 !r}?
As you read the scroll of teleportation {@r3 !r}, it crumbles to dust.
You feel strangely unstable.
Donald yells, "Help!"
An alligator snapping turtle comes into view.
Your surroundings suddenly seem different.
Splash!
You fall into the shallow water.
Moving in this stuff is going to be slow.
The merfolk avatar shouts!
The cyclops shouts!
The merfolk avatar chants a haunting song.
You are mesmerised by the merfolk avatar!
You feel very buoyant.
You fly up into the air.
The pull of its song draws you forwards.
You fade into invisibility!
The dream sheep bleats!
You are very lightly contaminated with residual magic.
The dream sheep bleats! x2
The merfolk avatar chants its luring song.
The dream sheep bleats! x2
The dream sheep bleats! x3
The merfolk avatar chants its luring song.
A water nymph comes into view.
The water nymph shouts!
The dream sheep bleats! x2
The pull of its song draws you forwards.
You closely miss the merfolk avatar. Your kick misses the merfolk avatar.
The dream sheep bleats!
Xom smiles on you.
Your claws look sharp.
The water nymph points at you and mumbles some strange words.
The water rises up and strikes you!
* * * LOW HITPOINT WARNING * * *
Unknown command.
You scratch the merfolk avatar. You claw the merfolk avatar.
The merfolk avatar is lightly wounded.
The dream sheep bleats! x2
The merfolk avatar chants its luring song.
The cyclops throws a large rock.
The large rock hits you!
* * * LOW HITPOINT WARNING * * *
You mangle the merfolk avatar!! Your kick misses the merfolk avatar.
The merfolk avatar is moderately wounded.
The dream sheep bleats! x2
The cyclops throws a large rock.
The large rock barely misses the dream sheep.
The large rock hits the merfolk avatar!!
You eviscerate the merfolk avatar!!!
You are no longer entranced.
You kill the merfolk avatar!
The dream sheep bleats!
The dream sheep bleats!
The water nymph casts a spell at you. The water rises up and strikes you!
* * * LOW HITPOINT WARNING * * *
The dream sheep bleats! x2
The dream sheep bleats! x2
The water nymph points at you and mumbles some strange words.
The water rises up and strikes you!
* * * LOW HITPOINT WARNING * * *
The cyclops throws a large rock.
Really quaff
n - 5 potions of curing {@q1 !q}?
You feel better.
You flicker for a moment.
The dream sheep bleats! x2
The water nymph gestures at you while chanting.
The water rises up and strikes you!
You die...
Xom bursts into laughter!

........ ≈≈≈≈ ...
#.....#.≈≈≈≈≈≈≈≈ ≈?.#
#.....##≈≈≈≈≈≈≈≈ ≈...##
###...(≈≈≈≈≈≈≈≈≈
≈.....##.<..≈≈≈≈≈≈≈≈≈≈≈≈
≈...........≈≈≈≈≈≈≈≈≈≈≈≈##
≈....≈≈≈.##.≈≈≈≈≈≈≈≈≈≈≈≈..
≈≈≈...≈...##.≈≈≈≈≈≈≈≈≈≈≈..
≈≈≈...≈..≈≈≈.@≈≈≈≈≈≈≈≈≈≈..
≈≈≈≈..≈≈.[m(.≈≈≈≈≈≈≈≈≈≈≈≈.
≈≈≈≈≈≈...#..≈≈≈≈≈≈≈≈≈≈≈≈..
≈≈≈≈≈≈≈..##≈≈≈≈≈≈≈≈≈≈≈≈≈≈≈
≈≈≈≈≈≈≈≈...≈≈Y†≈†≈≈≈≈≈≈≈≈≈
≈≈≈≈≈.≈≈..<≈≈≈≈≈≈≈≈≈≈≈≈≈≈≈
≈≈≈≈≈≈≈≈≈≈≈CY≈≈≈≈≈≈≈≈≈≈≈≈≈
≈≈≈≈≈≈≈≈≈≈≈≈≈≈≈≈≈≈≈≈≈≈≈≈≈≈
≈≈≈≈≈≈≈≈≈≈≈≈≈≈≈≈≈≈≈≈≈≈≈≈≈≈


You could see a cyclops, a water nymph and 2 dream sheep.

Vanquished Creatures
  Frances (D:11)
  A minotaur (Gauntlet)
  2 ettins (D:11)
  A spark wasp (Lair:5)
  A merfolk impaler (Shoals:2)
  A merfolk javelineer (Shoals:1)
  2 ogre magi (D:12)
  2 hydras
  A merfolk avatar (Shoals:2)
  A death knight (D:10)
  A catoblepas (Gauntlet)
  6 two-headed ogres
  A tengu warrior (D:12)
  A death drake (Shoals:1)
  2 unseen horrors (D:11)
  2 sea snakes (Shoals:1)
  2 phantasmal warriors (D:10)
  Pikel (D:7)
  5 harpies (Shoals:1)
  4 deep elf magi
  2 cyclopes
  An orc sorcerer (D:8)
  An orb spider (D:7)
  2 ugly things
  5 manticores
  3 fauns (Shoals:1)
  A moth of wrath (D:11)
  A merfolk siren (Shoals:1)
  A guardian serpent (shapeshifter) (D:12)
  3 black mambas
  3 gargoyles
  3 water nymphs
  7 cane toads
  A centaur skeleton (D:9)
  13 elephants
  A molten gargoyle (Gauntlet)
  A komodo dragon (shapeshifter) (Gauntlet)
  6 komodo dragons
  A rime drake (Lair:2)
  An efreet (D:11)
  A kobold demonologist (D:10)
  A yaktaur (shapeshifter) (D:12)
  A freezing wraith (D:10)
  3 tengu conjurers
  A polar bear (Lair:5)
  2 merfolk (Shoals:1)
  5 trolls
  A queen bee (D:10)
  21 blink frogs
  12 hippogriffs
  4 hornets
  A meliai zombie (D:10)
  6 dream sheep
  10 slime creatures
  3 snapping turtles (Shoals:1)
  A water elemental (Shoals:1)
  2 spriggans
  A wyvern (D:10)
  24 yaks
  A shadow (D:12)
  2 wraiths
  A yak (shapeshifter) (Gauntlet)
  2 vampires (D:11)
  2 basilisks (D:8)
  A naga (D:7)
  7 water moccasins
  A warg (Orc)
  10 orc warriors
  8 porcupines
  3 black bears
  An ice beast (D:10)
  2 phantoms
  6 ogres
  An eye of draining (shapeshifter) (Gauntlet)
  4 sky beasts
  A boggart (Lair:6)
  A necrophage (D:10)
  14 wolves
  7 centaurs
  9 crocodiles
  13 bullfrogs
  4 big kobolds
  9 killer bees (D:10)
  3 scorpions
  3 wights (D:8)
  A howler monkey (shapeshifter) (D:4)
  A howler monkey (D:4)
  4 crimson imps
  5 centaur zombies
  3 bullfrog zombies
  4 hounds
  8 orc priests
  2 jellies
  15 orc wizards
  4 iguanas
  15 worker ants
  A hound zombie (D:4)
  3 hound skeletons
  2 worker ant zombies
  4 gnolls (D:6)
  8 adders
  3 shadow imps
  An adder skeleton (D:7)
  2 adder zombies (D:4)
  5 worms
  A dart slug (D:1)
  3 leopard geckos
  61 orcs
  6 bats
  2 giant cockroaches
  A goblin (D:2)
  7 hobgoblins
  3 jackals
  4 quokkas
  A ball python (D:2)
  8 frilled lizards
  A jackal skeleton (D:8)
  2 jackal zombies (D:4)
  7 kobolds
  A leopard gecko skeleton (D:4)
  4 rats
  A spectral orc (D:5)
  A plant (Lair:5)
516 creatures vanquished.

Vanquished Creatures (collateral kills)
  2 slime creatures (D:9)
  3 harpies (Shoals:1)
  A faun (Shoals:1)
  An ugly thing (D:8)
  A troll (D:8)
  A hound (D:9)
  Ijyb (D:3)
  A worker ant (D:4)
  2 kobolds (D:8)
  A quokka skeleton (D:4)
14 creatures vanquished.

Vanquished Creatures (others)
  A hydra (Lair:5)
  A dancing weapon (Shoals:1)
  A slime creature (D:11)
  A yak (D:8)
  3 slaves (D:7)
  A water moccasin zombie (D:7)
  A centaur skeleton (D:7)
  An orc priest (Orc)
  An orc wizard (D:7)
  A worker ant zombie (D:4)
  An orc (D:7)
  A kobold (D:7)
  7 fungi
  48 plants
69 creatures vanquished.

Grand Total: 599 creatures vanquished

Notes
Turn   | Place    | Note
-------+----------+-------------------------------------------
     0 | D:1      | MisterOstroum the Troll Chaos Knight began the quest for
                  | the Orb.
     0 | D:1      | Reached XP level 1. HP: 22/22 MP: 0/0
    23 | D:1      | XOM: harmless Erth miscast
   106 | D:1      | XOM: divination: detect items
   186 | D:1      | XOM: noise
   194 | D:1      | Reached skill level 1 in Unarmed Combat
   253 | D:1      | Reached XP level 2. HP: 23/29 MP: 1/1
   883 | D:2      | XOM: 3-stop teleportation journey
   951 | D:2      | XOM: god gift: 930 gold pieces
   993 | D:2      | Reached XP level 3. HP: 33/36 MP: 2/2
  1092 | D:2      | XOM: mild Ice miscast
  1669 | D:2      | Found a blossoming altar of Fedhas.
  1762 | D:2      | XOM: harmless Fire miscast
  1894 | D:3      | Gained mutation: Your magical capacity is low. (-10% MP)
                  | [potion of mutation]
  1894 | D:3      | Gained mutation: You can translocate small distances at
                  | will. [potion of mutation]
  1894 | D:3      | Gained mutation: Your magical capacity is very low. (-20%
                  | MP) [potion of mutation]
  1894 | D:3      | Gained mutation: Your spells are a little harder to cast,
                  | but a little more powerful. [potion of mutation]
  1896 | D:3      | XOM: harmless Pois miscast
  1926 | D:2      | XOM: harmless Tloc miscast
  2059 | D:2      | XOM: harmless Air miscast
  2191 | D:3      | XOM: potion effect (invisibility)
  2192 | D:3      | XOM: god gift: ring mail {god gift}
  2202 | D:3      | Gained mutation: Your natural rate of healing is unusually
                  | fast. [Troll growth]
  2202 | D:3      | Reached XP level 4. HP: 25/45 MP: 2/2
  2297 | D:3      | Noticed Ijyb
  2300 | D:3      | XOM: summons 2 friendly demons
  2310 | D:3      | Killed Ijyb
  2368 | D:3      | Found an opulent altar of Gozag.
  2452 | D:3      | XOM: summons friendly quasit
  2486 | D:3      | Reached XP level 5. HP: 45/53 MP: 3/3
  2635 | D:4      | Noticed a phantom
  2640 | D:4      | XOM: scenery: create altars
  2642 | D:4      | XOM: give mutation
  2642 | D:4      | Gained mutation: You are agile. (Dex +2) [Xom's grace]
  2662 | D:5      | Entered Level 5 of the Dungeon
  2755 | D:4      | XOM: god gift: ration
  2822 | D:4      | Reached XP level 6. HP: 58/62 MP: 3/3
  2865 | D:4      | Reached skill level 5 in Maces & Flails
  2906 | D:4      | XOM: summons 6 friendly demons
  2946 | D:4      | XOM: give mutations
  2946 | D:4      | Gained mutation: Your system is resistant to poisons.
                  | (rPois) [Xom's grace]
  2946 | D:4      | Gained mutation: You have sharp toenails. [Xom's grace]
  2946 | D:4      | Gained mutation: You expend magic power (3 MP) to
                  | strengthen your wands. [Xom's grace]
  2946 | D:4      | Gained mutation: Your flesh is cold resistant. (rC+) [Xom's
                  | grace]
  2947 | D:4      | Reached skill level 5 in Fighting
  3027 | D:4      | XOM: cleaving
  3036 | D:4      | Reached XP level 7. HP: 42/72 MP: 3/4
  3294 | D:4      | XOM: medium Tloc miscast
  3294 | D:4      | Cast into level 2 of the Abyss (the capriciousness of Xom)
  3315 | D:4      | Escaped the Abyss
  3502 | D:4      | XOM: fog
  3517 | D:4      | Reached skill level 1 in Throwing
  3522 | D:4      | XOM: scenery: 1 doors close
  3529 | D:4      | Reached skill level 1 in Evocations
  3650 | D:5      | XOM: 4-stop teleportation journey
  3878 | D:5      | Found a basalt altar of Yredelemnul.
  3988 | D:5      | Found a glowing silver altar of Zin.
  4079 | D:5      | Found a hazy altar of Hepliaklqana.
  4079 | D:5      | Found a glowing golden altar of the Shining One.
  4080 | D:5      | Found a bloodstained altar of Trog.
  4243 | D:6      | Found a snail-covered altar of Cheibriados.
  4279 | D:6      | Found a staircase to the Ecumenical Temple.
  4292 | Temple   | Entered the Ecumenical Temple
  4342 | D:6      | Found Ofreozxe's General Store.
  4352 | D:6      | Bought a scroll of teleportation for 42 gold pieces
  4352 | D:6      | Bought a scroll of magic mapping for 49 gold pieces
  4352 | D:6      | Bought a scroll of fear for 49 gold pieces
  4352 | D:6      | Bought a scroll of teleportation for 42 gold pieces
  4533 | D:6      | Reached XP level 8. HP: 81/81 MP: 6/6
  4559 | D:6      | XOM: confusion
  4607 | D:6      | Found an ornate altar of the Wu Jian Council.
  4783 | D:7      | XOM: polymorph orc warrior -> naga
  4895 | D:6      | XOM: polymorph shadow imp -> crimson imp
  4951 | D:6      | XOM: noise
  4955 | D:7      | Noticed Pikel
  5043 | D:7      | Killed Pikel
  5043 | D:7      | Reached skill level 5 in Unarmed Combat
  5191 | D:7      | Noticed a troll
  5338 | D:7      | XOM: severe Conj miscast
  5344 | D:7      | XOM: scenery: create altars
  5357 | D:6      | Reached XP level 9. HP: 43/89 MP: 7/7
  5440 | D:7      | XOM: potion effect (agility)
  5441 | D:7      | Noticed an orb spider
  5441 | D:7      | a troll changed into an orb spider
  5446 | D:7      | XOM: potion effect (invisibility)
  5459 | D:7      | Killed an orb spider
  5643 | D:7      | XOM: harmless Pois miscast
  5814 | D:7      | Found a shadowy altar of Dithmenos.
  5852 | D:7      | XOM: silly message
  5856 | D:7      | XOM: harmless Hex miscast
  5882 | D:7      | XOM: potion effect (berserk rage)
  5884 | D:7      | Noticed a troll
  5884 | D:7      | a hippogriff changed into a troll
  5884 | D:7      | XOM: polymorph hippogriff -> troll
  5886 | D:7      | Killed a troll
  6061 | D:8      | XOM: blink monster(s)
  6062 | D:8      | Noticed a troll
  6064 | D:8      | Reached skill level 5 in Throwing
  6082 | D:8      | XOM: summons 5 friendly demons
  6088 | D:8      | Killed a troll
  6194 | D:8      | Reached XP level 10. HP: 81/102 MP: 9/9
  6278 | D:8      | Found a corrupted altar of Lugonu.
  6380 | D:8      | XOM: give mutations
  6380 | D:8      | Lost mutation: Your magical capacity is very low. (-20% MP)
                  | [Xom's mischief]
  6380 | D:8      | Gained mutation: Your body sometimes deteriorates upon
                  | taking damage. [Xom's mischief]
  6380 | D:8      | Lost mutation: You are agile. (Dex +2) [Xom's mischief]
  6410 | D:8      | XOM: potion effect (brilliance)
  6431 | D:8      | XOM: god gift: wand of iceblast (4)
  6450 | D:8      | XOM: cleaving
  6477 | D:8      | XOM: destruction
  6486 | D:8      | XOM: scenery: 1 doors open
  6492 | D:8      | Reached skill level 5 in Evocations
  6512 | D:8      | XOM: smoke on damage
  6532 | D:8      | XOM: cleaving
  6673 | D:8      | Found a staircase to the Lair.
  6682 | D:8      | XOM: polymorph porcupine -> hound
  6755 | D:8      | XOM: polymorph orc priest -> centaur
  6876 | D:8      | XOM: medium Necr miscast
  7034 | D:8      | XOM: enchant monster (good)
  7036 | D:8      | XOM: potion effect (berserk rage)
  7046 | D:8      | XOM: cleaving
  7082 | D:8      | XOM: mild Air miscast
  7101 | D:8      | Reached XP level 11. HP: 115/115 MP: 12/12
  7106 | D:8      | XOM: confusion (+ monsters)
  7123 | D:8      | XOM: silly message
  7195 | D:8      | Found a staircase to the Orcish Mines.
  7226 | D:8      | Noticed a brown ugly thing
  7231 | D:8      | XOM: summons 11 friendly demons
  7239 | D:8      | Killed a brown ugly thing
  7270 | D:8      | Found an iron altar of Okawaru.
  7390 | D:8      | XOM: god gift: 154 arrows
  7620 | Lair:1   | Entered Level 1 of the Lair of Beasts
  7796 | Lair:1   | XOM: potion effect (might)
  7875 | Lair:1   | Reached skill level 10 in Unarmed Combat
  7876 | Lair:1   | XOM: confuse monster(s)
  7877 | Lair:1   | XOM: enchant monster (good)
  7882 | Lair:1   | XOM: summons friendly quasit
  7900 | Lair:1   | Reached skill level 10 in Fighting
  8017 | Lair:1   | Gained mutation: You heal very quickly. [Troll growth]
  8017 | Lair:1   | Reached XP level 12. HP: 105/126 MP: 13/13
  8176 | Lair:1   | Got an encrusted hunting sling
  8177 | Lair:1   | Identified the cursed +2 hunting sling of Zin's Anger
                  | {velocity, +Fly rC+ Str+2 Dex+2} (You found it on level 1
                  | of the Lair of Beasts)
  8290 | Lair:1   | XOM: 1-stop teleportation journey
  8421 | Lair:1   | XOM: god gift: plate armour {god gift}
  8555 | Lair:1   | Reached skill level 5 in Dodging
  8571 | Lair:1   | XOM: give mutation
  8571 | Lair:1   | Lost mutation: Your body sometimes deteriorates upon taking
                  | damage. [Xom's mischief]
  8646 | Lair:1   | XOM: polymorph blink frog -> big kobold
  8726 | Lair:2   | XOM: 1-stop teleportation journey
  8760 | Lair:2   | Noticed an eight-headed hydra
  8766 | Lair:2   | XOM: enchant monster (bad)
  9014 | Lair:2   | Killed an eight-headed hydra
  9244 | Lair:2   | XOM: harmless Tmut miscast
  9754 | Lair:3   | XOM: fake destruction
  9836 | Lair:3   | XOM: blink monster(s)
  9853 | Lair:2   | XOM: scenery: create altars
  9938 | Lair:3   | Found a staircase to the Shoals.
 10168 | Lair:3   | Noticed a six-headed hydra
 10175 | Lair:3   | a six-headed hydra changed into something unseen
 10175 | Lair:3   | XOM: polymorph six-headed hydra -> something unseen
 10176 | Lair:3   | Noticed a catoblepas
 10177 | Lair:3   | XOM: harmless Erth miscast
 10178 | Lair:3   | Noticed an azure jelly
 10178 | Lair:3   | a catoblepas changed into an azure jelly
 10178 | Lair:3   | XOM: polymorph catoblepas -> azure jelly
 10260 | Lair:4   | Found a hole to the Spider Nest.
 10270 | Lair:4   | XOM: confusion (+ monsters)
 10279 | Lair:4   | XOM: summons friendly crimson imp
 10654 | Lair:4   | XOM: give mutations
 10654 | Lair:4   | Gained mutation: You are dopey. (Int -2) [Xom's mischief]
 10654 | Lair:4   | Gained mutation: You have razor-sharp toenails. [Xom's
                  | mischief]
 10654 | Lair:4   | Gained mutation: You are frail. (-10% HP) [Xom's mischief]
 10654 | Lair:4   | Lost mutation: Your spells are a little harder to cast, but
                  | a little more powerful. [Xom's mischief]
 10825 | Lair:4   | XOM: mild Chrm miscast
 11061 | Lair:5   | XOM: harmless Pois miscast
 11065 | Lair:5   | XOM: scenery: create altars
 11080 | Lair:5   | XOM: stat loss: -1 Int (6/7)
 11131 | Lair:5   | Noticed an eight-headed hydra
 11133 | Lair:5   | XOM: swap monsters
 11146 | Lair:5   | XOM: blink monster(s)
 11164 | Lair:5   | XOM: summons friendly ufetubus
 11174 | Lair:5   | XOM: confusion
 11195 | Lair:5   | Killed an eight-headed hydra
 11195 | Lair:5   | XOM: divine lightning
 11244 | Lair:5   | Reached XP level 13. HP: 108/123 MP: 14/14
 11478 | Lair:5   | Found an ancient bone altar of Kikubaaqudgha.
 11491 | Lair:5   | Noticed a spark wasp
 11491 | Lair:5   | a five-headed hydra changed into a spark wasp
 11492 | Lair:5   | XOM: enchant monster (bad)
 11496 | Lair:5   | Killed a spark wasp
 11498 | Lair:5   | XOM: 4-stop teleportation journey
 11567 | Lair:5   | XOM: medium Fire miscast
 11725 | Lair:5   | XOM: enchant monster (bad)
 11741 | Lair:5   | XOM: give mutations
 11741 | Lair:5   | Gained mutation: You occasionally shout uncontrollably at
                  | your foes. [Xom's mischief]
 11741 | Lair:5   | Lost mutation: You can translocate small distances at will.
                  | [Xom's mischief]
 11741 | Lair:5   | Lost mutation: Your magical capacity is low. (-10% MP)
                  | [Xom's mischief]
 11741 | Lair:5   | Lost mutation: You have razor-sharp toenails. [Xom's
                  | mischief]
 11876 | Lair:5   | XOM: god gift: glowing hat {god gift}
 11904 | Lair:5   | XOM: harmless Fire miscast
 11917 | Lair:5   | XOM: summons 6 hostile demons
 11956 | Lair:5   | XOM: blink monster(s)
 12126 | Lair:6   | Entered Level 6 of the Lair of Beasts
 12242 | Lair:5   | XOM: swap monsters
 12417 | Lair:6   | Noticed an acid blob
 12654 | Lair:3   | XOM: harmless Pois miscast
 12885 | Orc      | Entered the Orcish Mines
 12980 | Orc      | Found a staircase to the Elven Halls.
 13002 | D:8      | Lost mutation: You are dopey. (Int -2) [potion of mutation]
 13002 | D:8      | Lost mutation: You are frail. (-10% HP) [potion of
                  | mutation]
 13002 | D:8      | Lost mutation: Your system is resistant to poisons. (rPois)
                  | [potion of mutation]
 13002 | D:8      | Lost mutation: You occasionally shout uncontrollably at
                  | your foes. [potion of mutation]
 13002 | D:8      | Lost mutation: Your flesh is cold resistant. (rC+) [potion
                  | of mutation]
 13002 | D:8      | Gained mutation: You evolve. [potion of mutation]
 13076 | D:8      | XOM: mild Tmut miscast
 13240 | D:9      | XOM: summons 13 friendly demons
 13355 | D:9      | XOM: mild Ice miscast
 13417 | D:9      | XOM: divination: detect creatures
 13553 | D:9      | XOM: god gift: scroll labeled BAL MEEMUPAI {god gift}
 13604 | D:9      | Gained mutation: Your muscles are strong. (Str +2)
                  | [evolution]
 13604 | D:9      | Lost mutation: You evolve. [end of evolution]
 13813 | D:9      | Found Icsooloq's Food Boutique.
 13871 | D:9      | XOM: confuse monster(s)
 14061 | D:10     | Entered Level 10 of the Dungeon
 14152 | D:10     | XOM: summons 13 friendly demons
 14157 | D:10     | XOM: 8-stop teleportation journey
 14315 | D:10     | XOM: summons 2 friendly demons
 14868 | D:10     | XOM: give mutations
 14868 | D:10     | Gained mutation: You are clumsy. (Dex -2) [Xom's mischief]
 14868 | D:10     | Gained mutation: You are dopey. (Int -2) [Xom's mischief]
 14868 | D:10     | Lost mutation: Your muscles are strong. (Str +2) [Xom's
                  | mischief]
 14959 | D:10     | XOM: noise
 15117 | D:11     | XOM: divination: detect creatures
 15119 | D:11     | Reached XP level 14. HP: 149/149 MP: 16/16
 15122 | D:11     | Found a gate leading to a gauntlet.
 15123 | D:11     | XOM: harmless Air miscast
 15159 | Gauntlet | Entered a Gauntlet
 15159 | Gauntlet | Found a transporter.
 15205 | Gauntlet | Found a transporter.
 15207 | Gauntlet | Found a transporter.
 15214 | Gauntlet | Found a transporter.
 15229 | Gauntlet | Found a transporter.
 15234 | Gauntlet | Found a transporter.
 15249 | Gauntlet | Found a transporter.
 15269 | Gauntlet | Found a transporter.
 15281 | Gauntlet | Found a transporter.
 15289 | Gauntlet | Found a transporter.
 15306 | Gauntlet | Found a transporter.
 15318 | Gauntlet | Found a transporter.
 15330 | Gauntlet | Found a transporter.
 15349 | Gauntlet | Found a transporter.
 15364 | Gauntlet | Found a transporter.
 15367 | Gauntlet | Found a transporter.
 15394 | Gauntlet | Found a transporter.
 15396 | Gauntlet | Found a transporter.
 15552 | Gauntlet | XOM: confuse monster(s)
 15594 | Gauntlet | XOM: summons 4 friendly demons
 15611 | Gauntlet | XOM: destruction
 15637 | Gauntlet | Got an ancient granite ring
 15643 | Gauntlet | Identified the ring of Fyxomah {rElec Dex+3 Stlth-} (You
                  | found it in a Gauntlet)
 15705 | Gauntlet | XOM: scenery: create altars
 15737 | Gauntlet | XOM: god gift: wand of iceblast (7)
 15800 | Gauntlet | XOM: divination: magic mapping
 15897 | Gauntlet | XOM: cloud trail
 16192 | D:11     | XOM: fog
 16346 | D:11     | XOM: polymorph large slime creature -> water nymph
 16406 | D:11     | Reached skill level 10 in Dodging
 16583 | D:11     | XOM: mild Chrm miscast
 16808 | D:11     | XOM: silly message
 16855 | D:11     | Found Oneikh's Antique Weapon Shoppe.
 16867 | D:11     | XOM: divination: magic mapping
 16974 | D:12     | Entered Level 12 of the Dungeon
 16974 | D:12     | Noticed Frances
 17102 | D:11     | Killed Frances
 17169 | D:12     | Found a gate to the Vaults.
 17341 | D:12     | XOM: noise
 17344 | D:12     | XOM: divination: magic mapping
 17347 | D:12     | XOM: confuse monster(s)
 17439 | D:12     | Found a radiant altar of Vehumet.
 17439 | D:12     | Found a shimmering altar of Xom.
 17440 | D:12     | Found a white marble altar of Elyvilon.
 17471 | D:12     | XOM: noise
 17630 | D:12     | XOM: cast spell 'Shadow Creatures'
 17693 | D:12     | Found a staircase to the Depths.
 17786 | D:12     | Reached skill level 1 in Shields
 17795 | D:12     | Noticed a cyan very ugly thing
 17965 | D:8      | XOM: enchant monster (good)
 18281 | Shoals:1 | Entered Level 1 of the Shoals
 18286 | Lair:3   | XOM: harmless Hex miscast
 18320 | Shoals:1 | XOM: mild Fire miscast
 18609 | Shoals:1 | XOM: fake destruction
 18610 | Shoals:1 | Reached XP level 15. HP: 83/161 MP: 17/17
 18761 | Shoals:1 | XOM: confuse monster(s)
 18828 | Shoals:1 | Found Dumel's Mayhem Merchandise.
 19060 | Shoals:1 | XOM: give mutations
 19060 | Shoals:1 | Lost mutation: You are dopey. (Int -2) [Xom's grace]
 19060 | Shoals:1 | Gained mutation: You are robust. (+10% HP) [Xom's grace]
 19060 | Shoals:1 | Gained mutation: You are covered in fur. (AC +1) [Xom's
                  | grace]
 19071 | Shoals:1 | XOM: scenery: create altars
 19141 | Shoals:1 | XOM: polymorph water nymph -> death drake
 19412 | Shoals:2 | XOM: summons friendly white imp
 19425 | Shoals:2 | Noticed Donald
 19436 | Shoals:2 | XOM: cleaving
 19442 | Shoals:2 | HP: 8/177 [water nymph/the raging water (20)]
 19443 | Shoals:2 | Killed from afar by a water nymph

Skill      XL: |  1  2  3  4  5  6  7  8  9 10 11 12 13 14 15 |
---------------+----------------------------------------------+-----
Unarmed Combat | 1 2 4 6 9 10 11 13 | 13.4
Fighting       | 3 4 5 6 7 9 10 11 12 13 | 13.4
Maces & Flails | 4 5 6 |  6.6
Throwing       | 2 3 5 6 8 |  8.0
Evocations     | 1 2 4 5 |  5.0
Dodging        | 4 7 9 10 | 10.6
Shields        | 1 2 |  2.2

Action                   |  1- 3 |  4- 6 |  7- 9 | 10-12 | 13-15 || total
-------------------------+-------+-------+-------+-------+-------++-------
Melee: Unarmed           |    36 |       |   234 |   382 |   777 ||  1429
       Mace              |   122 |   135 |    49 |    25 |     3 ||   334
       Kick              |       |     2 |   104 |   122 |   285 ||   513
       Punch             |       |       |     8 |    22 |    42 ||    72
       Flail             |       |       |       |     2 |       ||     2
       Glaive            |       |       |       |     2 |     5 ||     7
 Fire: Hunting sling     |       |       |       |    35 |    15 ||    50
Throw: Tomahawk          |       |     4 |     1 |    65 |   271 ||   341
       Stone             |       |     4 |    10 |       |     5 ||    19
       Large rock        |       |       |       |       |    12 ||    12
       Javelin           |       |       |       |       |    16 ||    16
 Abil: Blink             |       |     2 |     3 |     6 |       ||    11
Evoke: Wand              |       |     1 |     2 |     5 |    18 ||    26
  Use: Scroll            |     3 |     3 |     5 |     7 |    17 ||    35
       Potion            |     2 |       |     3 |     3 |    14 ||    22
 Stab: Confused          |     1 |       |       |     3 |     3 ||     7
       Invisible         |     1 |     1 |     1 |       |       ||     3
       Sleeping          |     1 |       |     1 |     1 |       ||     3
       Distracted        |       |       |     1 |     1 |       ||     2
       Petrifying        |       |       |     1 |       |       ||     1
       Paralysed         |       |       |       |     5 |       ||     5
  Eat: Chunk             |    18 |     7 |    20 |    32 |    50 ||   127
Armor: Skin              |    94 |    58 |   132 |   128 |   318 ||   730
Dodge: Dodged            |   140 |    68 |   168 |   213 |   522 ||  1111
Block: Shield            |       |       |       |       |    79 ||    79
       Large shield      |       |       |       |       |    27 ||    27
